Flyers vs Sabres

Created - November 2 2007 at 17:30

Goals
1 2 3 T
Flyers 2 0 0 2
Sabres 1 0 0 1
Shots
1 2 3 T
Flyers 10 9 8 27
Sabres 12 1 3 16

Period #1

1. Flyers , Tomas Holmstrom 8 (Keith Tkachuk) at 3:51
2. Sabres , Chris Drury 5 (Nathan Horton, Henrik Tallinder) at 15:54
3. Flyers , Tomas Holmstrom 9 (Keith Tkachuk, Brendan Shanahan) at 19:45 (PP)

Penalities :
Peter Forsberg (PHI) for Hooking (Minor) at 0:21, Daniel Briere (BUF) for Fighting (Major) at 5:51, Keith Tkachuk (PHI) for Fighting (Major) at 5:51, Simon Gagne (PHI) for Roughing (Double Minor) at 8:57, Danny Markov (BUF) for Hooking (Minor) at 13:09, Michael Ryder (BUF) for High sticking (Minor) at 17:50, Rob Blake (BUF) for Elbowing (Minor) at 19:11

Period #2

No Goal

Penalities :
Danny Markov (BUF) for Holding (Minor) at 9:13, Toni Lydman (BUF) for Tripping (Minor) at 13:30

Period #3

No Goal

Penalities :
Daniel Briere (BUF) for Boarding (Minor) at 1:04, Henrik Zetterberg (BUF) for Hooking (Minor) at 4:48, Derek Roy (BUF) for Holding (Minor) at 8:51, Daniel Briere (BUF) for Tripping (Minor) at 13:15, Jiri Hudler (PHI) for Hooking (Minor) at 18:28

Goalie Stats

Chris Osgood (PHI), 15 saves from 16 shots - (0.938), W, 11-3-1, 60:00 minutes
Peter Budaj (BUF), 25 saves from 27 shots - (0.926), L, 3-3-0, 59:00 minutes

Players Stats

Flyers
Player Name              G  A  P  +/- PIM S  H  SB FO MP 
-----------------------------------------------------------
Andy Hilbert             0  0  0  -1  0   0  0  0  0  6  
Branislav Mezei          0  0  0   0  0   0  1  0  0  19 
Brendan Shanahan         0  1  1   1  0   4  1  0  3  17 
Denis Gauthier           0  0  0   1  0   0  2  0  0  21 
Frederick Meyer Iv       0  0  0   0  0   0  0  0  0  20 
Jiri Hudler              0  0  0   0  2   2  1  0  1  16 
Keith Tkachuk            0  2  2   1  5   2  0  0  19 16 
Michal Handzus           0  0  0  -1  0   2  1  0  11 11 
Mike Knuble              0  0  0   0  0   5  3  0  1  21 
Mike Rathje              0  0  0   0  0   0  1  1  0  16 
Pavel Kubina             0  0  0   0  0   1  2  2  0  23 
Peter Forsberg           0  0  0   0  2   0  2  0  11 21 
Randy Robitaille         0  0  0   0  0   2  2  0  1  15 
Sami Kapanen             0  0  0  -1  0   0  1  0  1  11 
Simon Gagne              0  0  0  -1  4   1  0  0  10 24 
Todd White               0  0  0   0  0   2  2  0  13 17 
Tomas Holmstrom          2  0  2   1  0   5  0  0  0  16 
Wade Redden              0  0  0   0  0   1  1  0  0  22 
Sabres
Player Name              G  A  P  +/- PIM S  H  SB FO MP 
-----------------------------------------------------------
Brian Campbell           0  0  0  -1  0   0  3  1  0  19 
Chris Drury              1  0  1   1  0   3  2  1  16 22 
Daniel Briere            0  0  0  -1  9   2  0  0  13 18 
Danny Markov             0  0  0   0  4   0  0  0  0  11 
Derek Roy                0  0  0   0  2   0  2  1  17 19 
Dmitri Kalinin           0  0  0   1  0   0  0  0  0  20 
Doug Weight              0  0  0   0  0   0  1  0  1  4  
Henrik Tallinder         0  1  1   1  0   0  2  0  0  11 
Henrik Zetterberg        0  0  0  -1  2   1  2  0  2  16 
Jochen Hecht             0  0  0   1  0   1  1  0  1  20 
Johan Franzen            0  0  0   0  0   0  2  1  18 13 
John-Michael Liles       0  0  0   0  0   1  1  0  0  20 
Michael Ryder            0  0  0  -1  2   0  4  0  1  16 
Milan Hejduk             0  0  0   0  0   5  0  0  0  18 
Nathan Horton            0  1  1   1  0   0  1  0  1  11 
Rob Blake                0  0  0  -1  2   1  1  1  0  22 
Thomas Vanek             0  0  0   0  0   2  0  0  1  17 
Toni Lydman              0  0  0   0  2   0  1  0  0  21 

3 Stars

1 - Tomas Holmstrom (PHI)
2 - Chris Drury (BUF)
3 - Chris Osgood (PHI)

Power Play

Flyers - 1 on 9 Attempt(s) - 11.11%
Sabres - 0 on 3 Attempt(s) - 0.00%

Penalty Kill

Flyers - 3 on 3 Attempt(s) - 100.00% - Score 0 goal in Penalty Kill
Sabres - 8 on 9 Attempt(s) - 88.89% - Score 0 goal in Penalty Kill

Game Notes

Keith Tkachuk beats up Daniel Briere at 5:51 of 1st period

Finance

Level 1 -- Attendance: 4897 (81.61%) -- Ticket Income $440,730.00
Level 2 -- Attendance: 4388 (87.77%) -- Ticket Income $241,340.00
Level 3 -- Attendance: 1896 (84.27%) -- Ticket Income $66,360.00
Level 4 -- Attendance: 2702 (63.59%) -- Ticket Income $67,550.00
Luxury Box -- Attendance: 970 (97.01%) -- Ticket Income $184,300.00
Game was played at the HSBC Arena
Total Attendance: 14853 (80.29%)
Total Ticket Income: $1,095,556.00
Other Income: $158,094.00
Total Income: $1,253,650.00


Play by Play

Period #1

0:01 of 1st period - Daniel Briere wins face-off versus Simon Gagne in neutral zone.
0:01 of 1st period - Henrik Zetterberg is hit by Mike Knuble and loses puck.
0:09 of 1st period - Henrik Zetterberg is hit by Pavel Kubina and loses puck.
0:21 of 1st period - Minor Penalty to Peter Forsberg for Hooking.
0:22 of 1st period - Chris Drury wins face-off versus Michal Handzus in Flyers zone.
0:33 of 1st period - Shot by Thomas Vanek.
0:33 of 1st period - Deflect By Milan Hejduk.
0:33 of 1st period - Stopped by Chris Osgood with a rebound.
0:35 of 1st period - Shot by Chris Drury.
0:35 of 1st period - Shot Misses the Net.
0:37 of 1st period - Shot by Milan Hejduk.
0:37 of 1st period - Stopped by Chris Osgood without a rebound.
0:38 of 1st period - Michal Handzus wins face-off versus Daniel Briere in Flyers zone.
0:38 of 1st period - Michal Handzus is hit by Michael Ryder.
1:06 of 1st period - Shot by Henrik Zetterberg.
1:06 of 1st period - Stopped by Chris Osgood without a rebound.
1:07 of 1st period - Sami Kapanen wins face-off versus Chris Drury in Flyers zone.
1:40 of 1st period - Shot by Milan Hejduk.
1:40 of 1st period - Shot Misses the Net.
1:44 of 1st period - Shot by Thomas Vanek.
1:44 of 1st period - Shot Misses the Net.
1:46 of 1st period - Shot by Milan Hejduk.
1:46 of 1st period - Stopped by Chris Osgood without a rebound.
1:47 of 1st period - Michal Handzus wins face-off versus Daniel Briere in Flyers zone.
2:04 of 1st period - Shot by Michal Handzus.
2:04 of 1st period - Stopped by Peter Budaj without a rebound.
2:05 of 1st period - Daniel Briere wins face-off versus Michal Handzus in Sabres zone.
2:33 of 1st period - Jochen Hecht is hit by Peter Forsberg and loses puck.
2:51 of 1st period - Simon Gagne is hit by Henrik Tallinder and loses puck.
2:59 of 1st period - Mike Knuble is hit by Henrik Tallinder and loses puck.
3:07 of 1st period - Icing by Henrik Tallinder.
3:08 of 1st period - Chris Drury wins face-off versus Todd White in Sabres zone.
3:43 of 1st period - Shot by Milan Hejduk.
3:43 of 1st period - Stopped by Chris Osgood without a rebound.
3:44 of 1st period - Keith Tkachuk wins face-off versus Daniel Briere in Flyers zone.
3:51 of 1st period - Shot by Tomas Holmstrom.
3:51 of 1st period - Goal by Tomas Holmstrom - Flyers : 1 - Sabres : 0.
3:52 of 1st period - Johan Franzen wins face-off versus Michal Handzus in neutral zone.
4:04 of 1st period - Milan Hejduk is hit by Denis Gauthier and loses puck.
4:46 of 1st period - Icing by Danny Markov.
4:47 of 1st period - Peter Forsberg wins face-off versus Doug Weight in Sabres zone.
5:07 of 1st period - Off-side.
5:08 of 1st period - Chris Drury wins face-off versus Randy Robitaille in neutral zone.
5:08 of 1st period - Nathan Horton is hit by Jiri Hudler and loses puck.
5:31 of 1st period - Shot by Randy Robitaille.
5:31 of 1st period - Shot Misses the Net.
5:33 of 1st period - Shot by Jiri Hudler.
5:33 of 1st period - Stopped by Peter Budaj without a rebound.
5:34 of 1st period - Keith Tkachuk wins face-off versus Daniel Briere in Sabres zone.
5:34 of 1st period - Brendan Shanahan is hit by Rob Blake and loses puck.
5:37 of 1st period - Shot by Keith Tkachuk.
5:37 of 1st period - Stopped by Peter Budaj without a rebound.
5:38 of 1st period - Keith Tkachuk wins face-off versus Derek Roy in Sabres zone.
5:39 of 1st period - Shot by Brendan Shanahan.
5:39 of 1st period - Stopped by Peter Budaj without a rebound.
5:40 of 1st period - Michael Ryder wins face-off versus Keith Tkachuk in Sabres zone.
5:40 of 1st period - Michael Ryder is hit by Brendan Shanahan.
5:51 of 1st period - Keith Tkachuk beats up Daniel Briere.
5:51 of 1st period - Penalty to Daniel Briere for Fighting.
5:51 of 1st period - Penalty to Keith Tkachuk for Fighting.
5:52 of 1st period - Derek Roy wins face-off versus Simon Gagne in Flyers zone.
5:55 of 1st period - Shot by Milan Hejduk.
5:55 of 1st period - Stopped by Chris Osgood without a rebound.
5:56 of 1st period - Simon Gagne wins face-off versus Chris Drury in Flyers zone.
6:04 of 1st period - Mike Knuble is hit by Chris Drury and loses puck.
6:07 of 1st period - Shot by Mike Knuble.
6:07 of 1st period - Stopped by Peter Budaj without a rebound.
6:08 of 1st period - Todd White wins face-off versus Derek Roy in Sabres zone.
6:10 of 1st period - Randy Robitaille is hit by Toni Lydman and loses puck.
7:22 of 1st period - Shot by Jochen Hecht.
7:22 of 1st period - Stopped by Chris Osgood without a rebound.
7:23 of 1st period - Simon Gagne wins face-off versus Jochen Hecht in Flyers zone.
7:25 of 1st period - Pavel Kubina is hit by Henrik Zetterberg and loses puck.
7:34 of 1st period - Shot by Michael Ryder.
7:34 of 1st period - Shot Misses the Net.
7:38 of 1st period - Shot by Jochen Hecht.
7:38 of 1st period - Shot Misses the Net.
7:40 of 1st period - Shot by Jochen Hecht.
7:40 of 1st period - Shot Blocked by Pavel Kubina.
8:46 of 1st period - Shot by Milan Hejduk.
8:46 of 1st period - Shot Misses the Net.
8:57 of 1st period - Double Minor Penalty to Simon Gagne for Roughing.
8:58 of 1st period - Chris Drury wins face-off versus Michal Handzus in neutral zone.
9:00 of 1st period - Off-side.
9:01 of 1st period - Henrik Zetterberg wins face-off versus Michal Handzus in neutral zone.
9:04 of 1st period - Shot by John-Michael Liles.
9:04 of 1st period - Stopped by Chris Osgood without a rebound.
9:05 of 1st period - Jiri Hudler wins face-off versus Chris Drury in Flyers zone.
9:17 of 1st period - Shot by Thomas Vanek.
9:17 of 1st period - Stopped by Chris Osgood without a rebound.
9:18 of 1st period - Chris Drury wins face-off versus Todd White in Flyers zone.
9:35 of 1st period - Shot by John-Michael Liles.
9:35 of 1st period - Shot Misses the Net.
9:37 of 1st period - Shot by Henrik Zetterberg.
9:37 of 1st period - Deflect By Chris Drury.
9:37 of 1st period - Stopped by Chris Osgood without a rebound.
9:38 of 1st period - Todd White wins face-off versus Chris Drury in Flyers zone.
9:49 of 1st period - Shot by Thomas Vanek.
9:49 of 1st period - Shot Blocked by Mike Rathje.
10:41 of 1st period - Shot by Michael Ryder.
10:41 of 1st period - Shot Misses the Net.
10:43 of 1st period - Shot by Henrik Zetterberg.
10:43 of 1st period - Shot Misses the Net.
10:45 of 1st period - Shot by Rob Blake.
10:45 of 1st period - Stopped by Chris Osgood without a rebound.
10:46 of 1st period - Michal Handzus wins face-off versus Chris Drury in Flyers zone.
11:07 of 1st period - Shot by Thomas Vanek.
11:07 of 1st period - Shot Misses the Net.
11:43 of 1st period - Branislav Mezei is hit by Henrik Zetterberg and loses puck.
13:09 of 1st period - Minor Penalty to Danny Markov for Hooking.
13:10 of 1st period - Keith Tkachuk wins face-off versus Johan Franzen in Sabres zone.
13:31 of 1st period - Shot by Keith Tkachuk.
13:31 of 1st period - Shot Misses the Net.
15:33 of 1st period - Henrik Zetterberg is hit by Michal Handzus and loses puck.
15:54 of 1st period - Shot by Chris Drury.
15:54 of 1st period - Goal by Chris Drury - Flyers : 1 - Sabres : 1.
15:55 of 1st period - Derek Roy wins face-off versus Todd White in neutral zone.
16:21 of 1st period - Derek Roy is hit by Branislav Mezei and loses puck.
17:18 of 1st period - Dmitri Kalinin is hit by Peter Forsberg and loses puck.
17:50 of 1st period - Minor Penalty to Michael Ryder for High sticking.
17:51 of 1st period - Johan Franzen wins face-off versus Keith Tkachuk in neutral zone.
18:03 of 1st period - Icing by Frederick Meyer Iv.
18:04 of 1st period - Johan Franzen wins face-off versus Keith Tkachuk in Flyers zone.
19:11 of 1st period - Minor Penalty to Rob Blake for Elbowing.
19:12 of 1st period - Peter Forsberg wins face-off versus Johan Franzen in Sabres zone.
19:13 of 1st period - Shot by Mike Knuble.
19:13 of 1st period - Stopped by Peter Budaj without a rebound.
19:14 of 1st period - Peter Forsberg wins face-off versus Johan Franzen in Sabres zone.
19:29 of 1st period - Shot by Simon Gagne.
19:29 of 1st period - Stopped by Peter Budaj with a rebound.
19:31 of 1st period - Shot by Pavel Kubina.
19:31 of 1st period - The goal is going for a video replay.
19:31 of 1st period - The goal is refuse.
19:32 of 1st period - Derek Roy wins face-off versus Keith Tkachuk in Sabres zone.
19:45 of 1st period - Shot by Tomas Holmstrom.
19:45 of 1st period - Goal by Tomas Holmstrom - Flyers : 2 - Sabres : 1.
19:46 of 1st period - Johan Franzen wins face-off versus Peter Forsberg in neutral zone.

Period #2

0:01 of 2nd period - Derek Roy wins face-off versus Peter Forsberg in neutral zone.
0:07 of 2nd period - Icing by Simon Gagne.
0:08 of 2nd period - Peter Forsberg wins face-off versus Johan Franzen in Flyers zone.
0:18 of 2nd period - Peter Forsberg is hit by Johan Franzen and loses puck.
2:08 of 2nd period - Shot by Randy Robitaille.
2:08 of 2nd period - Stopped by Peter Budaj without a rebound.
2:09 of 2nd period - Nathan Horton wins face-off versus Todd White in Sabres zone.
2:09 of 2nd period - Jochen Hecht is hit by Randy Robitaille and loses puck.
2:11 of 2nd period - Jochen Hecht is hit by Todd White.
3:10 of 2nd period - Off-side.
3:11 of 2nd period - Simon Gagne wins face-off versus Derek Roy in neutral zone.
3:11 of 2nd period - Simon Gagne is hit by Derek Roy.
4:34 of 2nd period - Shot by Keith Tkachuk.
4:34 of 2nd period - Shot Blocked by Brian Campbell.
4:36 of 2nd period - Shot by Brendan Shanahan.
4:36 of 2nd period - Shot Misses the Net.
4:40 of 2nd period - Shot by Tomas Holmstrom.
4:40 of 2nd period - Shot Misses the Net.
4:44 of 2nd period - Shot by Tomas Holmstrom.
4:44 of 2nd period - Shot Misses the Net.
5:17 of 2nd period - Chris Drury is hit by Todd White and loses puck.
5:22 of 2nd period - Randy Robitaille is hit by Nathan Horton and loses puck.
6:02 of 2nd period - Icing by Mike Rathje.
6:03 of 2nd period - Derek Roy wins face-off versus Michal Handzus in Flyers zone.
6:04 of 2nd period - Shot by Thomas Vanek.
6:04 of 2nd period - Stopped by Chris Osgood without a rebound.
6:05 of 2nd period - Peter Forsberg wins face-off versus Derek Roy in Flyers zone.
6:47 of 2nd period - Shot by Randy Robitaille.
6:47 of 2nd period - Shot Misses the Net.
7:24 of 2nd period - Shot by Tomas Holmstrom.
7:24 of 2nd period - Stopped by Peter Budaj with a rebound.
7:26 of 2nd period - Shot by Keith Tkachuk.
7:26 of 2nd period - Shot Blocked by Derek Roy.
8:00 of 2nd period - Henrik Zetterberg is hit by Wade Redden and loses puck.
8:12 of 2nd period - Icing by Henrik Zetterberg.
8:13 of 2nd period - Todd White wins face-off versus Daniel Briere in Sabres zone.
8:16 of 2nd period - Shot by Randy Robitaille.
8:16 of 2nd period - Shot Misses the Net.
8:58 of 2nd period - Shot by Brendan Shanahan.
8:58 of 2nd period - Stopped by Peter Budaj without a rebound.
8:59 of 2nd period - Simon Gagne wins face-off versus Johan Franzen in Sabres zone.
8:59 of 2nd period - Wade Redden is hit by Johan Franzen and loses puck.
9:13 of 2nd period - Minor Penalty to Danny Markov for Holding.
9:14 of 2nd period - Keith Tkachuk wins face-off versus Johan Franzen in Sabres zone.
10:17 of 2nd period - Shot by Wade Redden.
10:17 of 2nd period - Shot Misses the Net.
11:59 of 2nd period - Mike Rathje is hit by Doug Weight and loses puck.
12:29 of 2nd period - Shot by Randy Robitaille.
12:29 of 2nd period - Shot Blocked by Chris Drury.
12:33 of 2nd period - Shot by Todd White.
12:33 of 2nd period - Stopped by Peter Budaj without a rebound.
12:34 of 2nd period - Todd White wins face-off versus Derek Roy in Sabres zone.
12:39 of 2nd period - Shot by Jiri Hudler.
12:39 of 2nd period - Stopped by Peter Budaj without a rebound.
12:40 of 2nd period - Daniel Briere wins face-off versus Brendan Shanahan in Sabres zone.
12:40 of 2nd period - Daniel Briere is hit by Mike Knuble.
13:05 of 2nd period - Off-side.
13:06 of 2nd period - Todd White wins face-off versus Derek Roy in neutral zone.
13:30 of 2nd period - Minor Penalty to Toni Lydman for Tripping.
13:31 of 2nd period - Derek Roy wins face-off versus Keith Tkachuk in Sabres zone.
13:59 of 2nd period - Shot by Brendan Shanahan.
13:59 of 2nd period - Shot Misses the Net.
14:01 of 2nd period - Shot by Brendan Shanahan.
14:01 of 2nd period - Shot Misses the Net.
14:03 of 2nd period - Shot by Tomas Holmstrom.
14:03 of 2nd period - Shot Misses the Net.
14:05 of 2nd period - Shot by Wade Redden.
14:05 of 2nd period - Stopped by Peter Budaj without a rebound.
14:06 of 2nd period - Derek Roy wins face-off versus Peter Forsberg in Sabres zone.
14:18 of 2nd period - Off-side.
14:19 of 2nd period - Peter Forsberg wins face-off versus Johan Franzen in neutral zone.
15:28 of 2nd period - Shot by Tomas Holmstrom.
15:28 of 2nd period - Stopped by Peter Budaj without a rebound.
15:29 of 2nd period - Keith Tkachuk wins face-off versus Derek Roy in Sabres zone.
15:45 of 2nd period - Shot by Todd White.
15:45 of 2nd period - Shot Misses the Net.
16:38 of 2nd period - Shot by Keith Tkachuk.
16:38 of 2nd period - Deflect By Brendan Shanahan.
16:38 of 2nd period - Stopped by Peter Budaj without a rebound.
16:39 of 2nd period - Chris Drury wins face-off versus Simon Gagne in Sabres zone.
17:04 of 2nd period - Shot by Dmitri Kalinin.
17:04 of 2nd period - Shot Blocked by Pavel Kubina.
17:06 of 2nd period - Shot by Jochen Hecht.
17:06 of 2nd period - Shot Misses the Net.
17:08 of 2nd period - Shot by Henrik Tallinder.
17:08 of 2nd period - Shot Misses the Net.
18:51 of 2nd period - Todd White is hit by Michael Ryder and loses puck.
19:36 of 2nd period - Shot by Peter Forsberg.
19:36 of 2nd period - Shot Misses the Net.
19:38 of 2nd period - Shot by Mike Knuble.
19:38 of 2nd period - Stopped by Peter Budaj without a rebound.
19:39 of 2nd period - Keith Tkachuk wins face-off versus Derek Roy in Sabres zone.

Period #3

0:01 of 3rd period - Daniel Briere wins face-off versus Simon Gagne in neutral zone.
0:17 of 3rd period - Henrik Zetterberg is hit by Pavel Kubina and loses puck.
0:42 of 3rd period - Icing by Henrik Zetterberg.
0:43 of 3rd period - Keith Tkachuk wins face-off versus Daniel Briere in Sabres zone.
1:03 of 3rd period - Keith Tkachuk is hit by Michael Ryder and loses puck.
1:04 of 3rd period - Minor Penalty to Daniel Briere for Boarding.
1:05 of 3rd period - Keith Tkachuk wins face-off versus Derek Roy in Sabres zone.
1:05 of 3rd period - Brendan Shanahan is hit by Jochen Hecht and loses puck.
1:17 of 3rd period - Shot by Keith Tkachuk.
1:17 of 3rd period - Stopped by Peter Budaj without a rebound.
1:18 of 3rd period - Johan Franzen wins face-off versus Simon Gagne in Sabres zone.
2:53 of 3rd period - Shot by Mike Knuble.
2:53 of 3rd period - Shot Misses the Net.
2:57 of 3rd period - Shot by Peter Forsberg.
2:57 of 3rd period - Shot Misses the Net.
2:59 of 3rd period - Shot by Mike Knuble.
2:59 of 3rd period - Shot Misses the Net.
3:01 of 3rd period - Shot by Mike Knuble.
3:01 of 3rd period - Deflect By Simon Gagne.
3:01 of 3rd period - Shot Misses the Net.
3:23 of 3rd period - Shot by Daniel Briere.
3:23 of 3rd period - Stopped by Chris Osgood without a rebound.
3:24 of 3rd period - Johan Franzen wins face-off versus Michal Handzus in Flyers zone.
3:34 of 3rd period - Icing by Mike Rathje.
3:35 of 3rd period - Chris Drury wins face-off versus Michal Handzus in Flyers zone.
3:35 of 3rd period - Chris Drury is hit by Mike Rathje.
4:02 of 3rd period - Chris Drury is hit by Denis Gauthier and loses puck.
4:48 of 3rd period - Minor Penalty to Henrik Zetterberg for Hooking.
4:49 of 3rd period - Johan Franzen wins face-off versus Peter Forsberg in Flyers zone.
4:50 of 3rd period - Shot by Daniel Briere.
4:50 of 3rd period - Stopped by Chris Osgood without a rebound.
4:51 of 3rd period - Mike Knuble wins face-off versus Johan Franzen in Flyers zone.
4:56 of 3rd period - Danny Markov is hit by Mike Knuble and loses puck.
6:25 of 3rd period - Shot by Randy Robitaille.
6:25 of 3rd period - Stopped by Peter Budaj without a rebound.
6:26 of 3rd period - Johan Franzen wins face-off versus Keith Tkachuk in Sabres zone.
7:14 of 3rd period - Jiri Hudler is hit by Brian Campbell and loses puck.
7:27 of 3rd period - Shot by Daniel Briere.
7:27 of 3rd period - Shot Misses the Net.
7:42 of 3rd period - Shot by Sami Kapanen.
7:42 of 3rd period - Shot Misses the Net.
7:44 of 3rd period - Shot by Michal Handzus.
7:44 of 3rd period - Stopped by Peter Budaj without a rebound.
7:45 of 3rd period - Thomas Vanek wins face-off versus Keith Tkachuk in Sabres zone.
8:09 of 3rd period - Brendan Shanahan is hit by Derek Roy and loses puck.
8:18 of 3rd period - Shot by Tomas Holmstrom.
8:18 of 3rd period - Shot Misses the Net.
8:35 of 3rd period - Simon Gagne is hit by John-Michael Liles and loses puck.
8:51 of 3rd period - Minor Penalty to Derek Roy for Holding.
8:52 of 3rd period - Keith Tkachuk wins face-off versus Johan Franzen in Sabres zone.
9:09 of 3rd period - Shot by Tomas Holmstrom.
9:09 of 3rd period - Stopped by Peter Budaj with a rebound.
9:11 of 3rd period - Shot by Frederick Meyer Iv.
9:11 of 3rd period - Shot Blocked by Johan Franzen.
9:13 of 3rd period - Shot by Tomas Holmstrom.
9:13 of 3rd period - Deflect By Keith Tkachuk.
9:13 of 3rd period - Shot Blocked by Rob Blake.
9:42 of 3rd period - Mike Knuble is hit by Brian Campbell and loses puck.
10:24 of 3rd period - Chris Drury is hit by Randy Robitaille and loses puck.
12:10 of 3rd period - Shot by Jiri Hudler.
12:10 of 3rd period - Shot Misses the Net.
12:20 of 3rd period - Shot by Mike Knuble.
12:20 of 3rd period - Stopped by Peter Budaj without a rebound.
12:21 of 3rd period - Brendan Shanahan wins face-off versus Chris Drury in Sabres zone.
12:24 of 3rd period - Shot by Mike Knuble.
12:24 of 3rd period - Stopped by Peter Budaj without a rebound.
12:25 of 3rd period - Brendan Shanahan wins face-off versus Chris Drury in Sabres zone.
13:15 of 3rd period - Minor Penalty to Daniel Briere for Tripping.
13:16 of 3rd period - Keith Tkachuk wins face-off versus Johan Franzen in Flyers zone.
13:16 of 3rd period - Keith Tkachuk is hit by Chris Drury.
13:32 of 3rd period - Shot by Keith Tkachuk.
13:32 of 3rd period - Shot Misses the Net.
13:34 of 3rd period - Shot by Brendan Shanahan.
13:34 of 3rd period - Stopped by Peter Budaj without a rebound.
13:35 of 3rd period - Peter Forsberg wins face-off versus Derek Roy in Sabres zone.
13:36 of 3rd period - Shot by Wade Redden.
13:36 of 3rd period - Shot Misses the Net.
13:38 of 3rd period - Shot by Simon Gagne.
13:38 of 3rd period - Shot Misses the Net.
17:32 of 3rd period - Shot by Randy Robitaille.
17:32 of 3rd period - Shot Misses the Net.
17:34 of 3rd period - Shot by Jiri Hudler.
17:34 of 3rd period - Shot Misses the Net.
17:36 of 3rd period - Shot by Todd White.
17:36 of 3rd period - Stopped by Peter Budaj without a rebound.
17:37 of 3rd period - Chris Drury wins face-off versus Simon Gagne in Sabres zone.
17:54 of 3rd period - Shot by Chris Drury.
17:54 of 3rd period - Stopped by Chris Osgood without a rebound.
17:55 of 3rd period - Daniel Briere wins face-off versus Keith Tkachuk in Flyers zone.
18:12 of 3rd period - Icing by Daniel Briere.
18:13 of 3rd period - Daniel Briere wins face-off versus Todd White in Sabres zone.
18:20 of 3rd period - Randy Robitaille is hit by Brian Campbell and loses puck.
18:28 of 3rd period - Minor Penalty to Jiri Hudler for Hooking.
18:29 of 3rd period - Henrik Zetterberg wins face-off versus Todd White in Sabres zone.
18:33 of 3rd period - Icing by Rob Blake.
18:34 of 3rd period - Daniel Briere wins face-off versus Todd White in Sabres zone.
18:34 of 3rd period - Daniel Briere is hit by Sami Kapanen.
18:41 of 3rd period - Mike Rathje is hit by Michael Ryder and loses puck.
19:00 of 3rd period - Sabres, Peter Budaj is pulled from the net.
19:15 of 3rd period - Off-side.
19:16 of 3rd period - Chris Drury wins face-off versus Todd White in neutral zone.


Output by the SimonT Hockey Simulator (STHS) for Stephane Roy -- Original Page W3C XHTML 1.0 Valid